 Dungeon Crawl Stone Soup version 0.31-a0-152-g6aa68a64a1 (webtiles) character file.

Game seed: 7885376016438683889

77692 qw the Severer (level 15, -7/97 HPs)
             Began as a Gargoyle Fighter on June 10, 2023.
             Was an Elder of Okawaru.
             Killed from afar by Jorgrun (58 damage)
             ... with an entropic shot
             ... on level 14 of the Dungeon.
             The game lasted 00:11:49 (19138 turns).

qw the Severer (Gargoyle Fighter)                  Turns: 19138, Time: 00:11:50

Health: -7/97      AC: 47    Str: 25    XL:     15   Next: 57%
Magic:  21/22      EV: 16    Int: 12    God:    Okawaru [****..]
Gold:   1291       SH: 12    Dex:  9    Spells: 14/14 levels left

rFire   . . .        Y - +2 broad axe (freeze)
rCold   + . .        c - +0 buckler
rNeg    + . .        I - +2 shadow dragon scales
rPois   inf          e - +2 helmet
rElec   +            a - +2 cloak
rCorr   +            F - +2 pair of gloves
SInv    +            s - -1 pair of boots of Conscience {rElec rC+ rCorr Int+5}
Will    +....        f - amulet of reflection
Stlth   ++++         D - +5 ring of evasion
HPRegen 0.36/turn    k - ring of see invisible
MPRegen 0.18/turn

%: reflection
@: heroic, flying
A: sickness immunity, AC +11, big wings, negative energy resistance 1,
electricity resistance, torment resistance 1, petrification resistance,
iridescent scales 1, dopey 2
a: Renounce Religion, Heroism, Finesse


You were on level 14 of the Dungeon.
You worshipped Okawaru.
Okawaru was greatly pleased with you.
You visited 3 branches of the dungeon, and saw 20 of its levels.

You collected 1510 gold pieces.
You spent 219 gold pieces at shops.


Innate Abilities, Weirdness & Mutations

You are immune to sickness and miasma.
Your stone body is resilient. (AC +11)
You are immune to poison.
Your large and strong wings let you fly.
You resist negative energy. (rN+)
You are resistant to electric shocks. (rElec)
You are resistant to unholy torment.
You are immune to petrification.
You are partially covered in iridescent scales. (AC +2)
You are very dopey. (Int -4)


   Skills:
 + Level 12.6(17.6) Fighting
 - Level 17.0(22.0) Axes
 - Level 4.0(9.0) Throwing
 - Level 13.0(18.0) Armour
 - Level 3.0(8.0) Dodging
 - Level 8.0(13.0) Shields
 - Level 10.0 Invocations


You had 14 spell levels left.
You didn't know any spells.
Your spell library was empty.

Inventory:

Hand Weapons
 J - a +2 morningstar of protection
 Y - a +2 broad axe of freezing (weapon)
Missiles
 b - 19 boomerangs
 G - 3 silver boomerangs (quivered)
Armour
 a - a +2 cloak (worn)
 c - a +0 buckler (worn)
 e - a +2 helmet (worn)
 h - a scarf of resistance
 s - the -1 pair of boots of Conscience (worn) {rElec rC+ rCorr Int+5}
   (You found it on level 6 of the Dungeon)

   Int:       It affects your intelligence (+5).
   rC:        It protects you from cold.
   rElec:     It insulates you from electricity.
   rCorr:     It protects you from acid and corrosion.
 u - the +9 ring mail "Gutayfas" {rF+ rCorr MP+9}
   (You found it on level 7 of the Dungeon)

   rF:        It protects you from fire.
   MP:        It affects your magic capacity (+9).
   rCorr:     It protects you from acid and corrosion.
 y - a +2 pair of boots
 F - a +2 pair of gloves (worn)
 H - the +2 pair of boots of Xinohauz {+Inv Str-5 Int-2 SInv}
   (Okawaru gifted it to you on level 3 of the Lair of Beasts)

   Str:       It affects your strength (-5).
   Int:       It affects your intelligence (-2).
   SInv:      It lets you see invisible.
   +Inv:      It lets you turn invisible.
 I - +2 shadow dragon scales (worn)
Jewellery
 f - an amulet of reflection (around neck)
 k - a ring of see invisible (right hand)
 v - a ring of protection from fire
 x - a ring of willpower
 z - a ring of ice
 A - a +6 ring of dexterity
 C - a ring of ice
 D - a +5 ring of evasion (left hand)
Wands
 r - a wand of digging (5)
Scrolls
 g - 4 scrolls of identify
 n - 10 scrolls of teleportation
Potions
 d - 4 potions of might
 i - a potion of magic
 l - 6 potions of attraction
 m - 2 potions of haste
 o - 2 potions of lignification
 p - a potion of cancellation
 q - 6 potions of heal wounds
 t - 3 potions of mutation
 B - 8 potions of curing
 E - a potion of resistance

Dungeon Overview and Level Annotations

Branches:
Dungeon (14/15)            Temple (1/1) D:6            Lair (5/5) D:9
  Swamp (0/4) Lair:2        Snake (0/4) Lair:3        Slime (0/5) Lair:4
    Orc (0/2) D:12         Vaults (0/5) D:13

Altars:
Ashenzari
Cheibriados
Dithmenos
Elyvilon
Fedhas
Gozag
Hepliaklqana
Kikubaaqudgha
Makhleb
Nemelex Xobeh
Okawaru
Qazlal
Ru
Sif Muna
Trog
Uskayaw
Vehumet
Wu Jian
Xom
Yredelemnul
Zin
The Shining One
Jiyva

Shops:
D:7 ?

Annotations:
D:11 2 transporters, Motwaexy's ghost, journeyman OgHW
D:14 Jorgrun


Message History

You barely miss Jorgrun. Jorgrun casts a spell next to you.
The wall shatters!
The blast of rock fragments hits you but does no damage.
You carve Jorgrun like a ham!!! You freeze Jorgrun.
Jorgrun is heavily wounded.
You barely miss Jorgrun.
Jorgrun is heavily wounded.
You hit the vampire mosquito. You freeze the vampire mosquito.
The vampire mosquito bites you. You block Jorgrun's attack. x2
You hit Jorgrun. You freeze Jorgrun.
Jorgrun is heavily wounded.
You hit the vampire mosquito but do no damage.
The vampire mosquito bites you. Jorgrun barely misses you.
Jorgrun hits you with a staff of earth!
You barely miss Jorgrun.
Jorgrun is heavily wounded.
You slash the vampire mosquito! You freeze the vampire mosquito!
You block the vampire mosquito's attack.
The vampire mosquito bites you but does no damage.
You miss the vampire mosquito.
The vampire mosquito is almost destroyed.
You barely miss Jorgrun. Jorgrun casts a spell at you.
The entropic shot hits you!!
The vampire mosquito closely misses you.
You miss the vampire mosquito.
The vampire mosquito is almost destroyed.
You closely miss Jorgrun.
The vampire mosquito bites you but does no damage.
Jorgrun hits you with a staff of earth. Jorgrun hits you but does no damage.
You miss the vampire mosquito.
The vampire mosquito is almost destroyed.
You slash Jorgrun! You freeze Jorgrun.
You block the vampire mosquito's attack.
The vampire mosquito bites you.
Jorgrun points at you and mumbles some strange words.
The entropic shot hits you!!!
Ouch! That really hurt!
You die...

........<........#
.................#
#....##.#.####...#
#....##.#.##.#...#
.... ............#
#....##.#.##.#...#
).........#.##...#
......%.......#
...#.#g@###...#
......#y# #...#
?..$...y........
.#.#.##.####}.###
.... ..# ..# ...
... ..# ## ##.#
### ..# ###


You could see Jorgrun and 2 vampire mosquitoes.

Vanquished Creatures
  An ironbound preserver (D:13)
  Nessos (D:13)
  6 dire elephants (Lair:5)
  7 hydras
  A catoblepas (Lair:5)
  2 centaur warriors (D:13)
  A boulder beetle (D:13)
  13 death yaks
  3 two-headed ogres
  A spectral death yak (Lair:5)
  3 skysharks
  A bog body (Lair:2)
  A spectral anaconda (Lair:5)
  An obsidian statue (Lair:5)
  Pikel (D:5)
  3 necromancers (Lair:5)
  2 lindwurms
  4 cyclopes
  A deep elf pyromancer (D:13)
  3 ugly things
  A manticore (D:12)
  An oklob plant (Lair:5)
  8 black mambas
  18 elephants
  A dire elephant zombie (Lair:5)
  A gargoyle (D:13)
  3 torpor snails
  3 centaur zombies (D:11)
  16 cane toads
  Maggie (D:7)
  3 unseen horrors (D:12)
  4 rime drakes
  An efreet (D:13)
  2 tengu conjurers
  6 komodo dragons
  7 trolls
  3 meliai (D:13)
  A polar bear (Lair:4)
  3 hornets
  20 blink frogs
  Grinder (D:3)
  Prince Ribbit (D:6)
  A spectral elephant (Lair:5)
  A slime creature (D:12)
  2 vampires
  4 shadows
  A centaur simulacrum (D:11)
  A wyvern (Lair:4)
  A fire elemental (Lair:4)
  36 yaks
  8 basilisks
  2 wraiths
  A steam dragon (D:7)
  15 vampire mosquitoes
  2 acid dragons
  16 water moccasins
  2 spectral cane toads (Lair:5)
  6 orc warriors
  2 black bears
  2 sky beasts
  2 elephant zombies (Lair:5)
  4 ogres
  18 wolves
  6 centaurs
  An elephant skeleton (Lair:5)
  4 lemures (D:5)
  2 phantoms
  5 kobold brigands
  11 bullfrogs
  Blork the orc (D:6)
  3 scorpions
  13 wights
  4 killer bees (D:8)
  3 elephant simulacra (Lair:5)
  3 electric eels
  5 howler monkeys
  2 jellies
  7 hounds
  5 orc priests
  2 sleepcaps
  Ijyb (D:5)
  A gnoll bouda (D:8)
  An iguana (D:4)
  Jessica (D:3)
  5 orc wizards
  9 gnolls
  A howler monkey skeleton (D:11)
  5 adders
  2 white imps
  2 ufetubi
  2 worms
  7 dart slugs
  46 orcs
  9 ball pythons
  9 endoplasms
  7 giant cockroaches
  13 goblins
  5 hobgoblins
  4 jackals (D:2)
  2 quokkas
  2 training dummies (D:6)
  10 bats
  2 frilled lizards
  27 kobolds
  10 rats
548 creatures vanquished.

Vanquished Creatures (others)
  A human (D:10)
1 creature vanquished.

Grand Total: 549 creatures vanquished

Notes
Turn   | Place    | Note
-------+----------+-------------------------------------------
     0 | D:1      | qw the Gargoyle Fighter began the quest for the Orb.
     0 | D:1      | Reached XP level 1. HP: 14/14 MP: 1/1
     0 | D:1      | 0 ||| qw: Version: 0.2-a-29-g767f381
     0 | D:1      | 0 ||| qw: Game counter: 3925
     0 | D:1      | 0 ||| qw: Always use a shield: true
     0 | D:1      | 0 ||| qw: God list: Okawaru
     0 | D:1      | 0 ||| qw: Allow faded altars: false
     0 | D:1      | 0 ||| qw: Do Orc after D:15 true
     0 | D:1      | 0 ||| qw: Do second Lair branch before Depths: true
     0 | D:1      | 0 ||| qw: Lair rune preference: random
     0 | D:1      | 0 ||| qw: Plans: Normal, Zot:1-4, Slime:5, God:TSO, Crypt,
                  | Tomb, Abyss, Pan, Hells, Win
     0 | D:1      | 0 ||| PLANNING D:1-11
    86 | D:1      | Reached skill level 2 in Axes
   134 | D:1      | Reached XP level 2. HP: 19/19 MP: 2/2
   339 | D:1      | Reached skill level 3 in Axes
   371 | D:1      | Reached XP level 3. HP: 23/23 MP: 3/3
   565 | D:1      | 565 ||| FLEEEEING.
   568 | D:1      | 568 ||| FLEEEEING.
   569 | D:1      | 569 ||| FLEEEEING.
   580 | D:1      | Noticed an eye of devastation
   606 | D:1      | Found a faded altar of an unknown god.
   608 | D:1      | 608 ||| READING scroll labelled NIXAICEUMO.
   609 | D:1      | 609 ||| Stepping ~*~*~tactically~*~*~ (hiding).
   610 | D:1      | Noticed a golden eye
   610 | D:1      | Noticed a floating eye
   610 | D:1      | Noticed an eye of devastation
  1006 | D:1      | 1006 ||| READING scroll labelled PAOSTYTEJABB.
  1007 | D:1      | 1007 ||| READING 3 scrolls labelled PEQ NAESOO.
  1008 | D:1      | 1008 ||| READING scroll labelled ZAOPHA NAXTENO.
  1095 | D:2      | 1095 ||| DROPPING +0 club.
  1116 | D:2      | 1116 ||| Stepping ~*~*~tactically~*~*~ (hiding).
  1118 | D:2      | 1118 ||| Stepping ~*~*~tactically~*~*~ (stealth).
  1155 | D:2      | Identified the +3 hand axe of Moral Flaws {heavy, Dex+3}
  1201 | D:2      | 1201 ||| Stepping ~*~*~tactically~*~*~ (hiding).
  1202 | D:2      | 1202 ||| Stepping ~*~*~tactically~*~*~ (hiding).
  1252 | D:2      | Reached XP level 4. HP: 28/28 MP: 4/4
  1259 | D:2      | 1259 ||| Stepping ~*~*~tactically~*~*~ (stealth).
  1260 | D:2      | 1260 ||| Stepping ~*~*~tactically~*~*~ (stealth).
  1266 | D:2      | 1266 ||| Stepping ~*~*~tactically~*~*~ (stealth).
  1268 | D:2      | 1268 ||| Stepping ~*~*~tactically~*~*~ (stealth).
  1351 | D:2      | Reached skill level 4 in Axes
  1380 | D:2      | Found an opulent altar of Gozag.
  1843 | D:2      | 1843 ||| Stepping ~*~*~tactically~*~*~ (hiding).
  1844 | D:2      | 1844 ||| SWAPPING to +0 broad axe.
  1950 | D:2      | 1950 ||| DROPPING +1 war axe.
  1959 | D:2      | 1959 ||| UPGRADING to +0 cloak.
  1964 | D:2      | 1964 ||| READING 2 scrolls of enchant armour.
  1964 | D:2      | 1964 ||| ENCHANTING +0 cloak.
  1965 | D:2      | 1965 ||| READING scroll of enchant armour.
  1965 | D:2      | 1965 ||| ENCHANTING +1 cloak.
  1966 | D:2      | 1966 ||| READING scroll labelled SADIRIKH BAWKA.
  1967 | D:2      | 1967 ||| READING 2 scrolls labelled XICOBR PIST.
  1968 | D:2      | 1968 ||| READING 2 scrolls labelled BIXTAJ CASOEGO.
  1973 | D:2      | 1973 ||| READING scroll labelled BUDAEX BOTTENN.
  1974 | D:2      | 1974 ||| DRINKING 2 murky red potions.
  1975 | D:2      | 1975 ||| READING 4 scrolls of identify.
  1975 | D:2      | 1975 ||| IDENTIFYING murky sapphire potion
  1976 | D:2      | 1976 ||| READING 3 scrolls of identify.
  1976 | D:2      | 1976 ||| IDENTIFYING glowing green potion
  1977 | D:2      | 1977 ||| READING 2 scrolls of identify.
  1977 | D:2      | 1977 ||| IDENTIFYING fuming inky potion
  1978 | D:2      | 1978 ||| DROPPING potion of degeneration.
  1979 | D:2      | 1979 ||| DROPPING potion of enlightenment.
  1980 | D:2      | 1980 ||| DROPPING scroll of magic mapping.
  1981 | D:2      | 1981 ||| DROPPING potion of berserk rage.
  2037 | D:3      | Noticed Jessica
  2038 | D:3      | 2038 ||| Stepping ~*~*~tactically~*~*~ (stealth).
  2040 | D:3      | 2040 ||| Stepping ~*~*~tactically~*~*~ (hiding).
  2053 | D:3      | 2053 ||| Stepping ~*~*~tactically~*~*~ (hiding).
  2058 | D:3      | Killed Jessica
  2059 | D:3      | Reached XP level 5. HP: 19/32 MP: 5/5
  2068 | D:3      | 2068 ||| FLEEEEING.
  2071 | D:3      | 2071 ||| FLEEEEING.
  2072 | D:3      | 2072 ||| FLEEEEING.
  2079 | D:3      | 2079 ||| FLEEEEING.
  2080 | D:3      | 2080 ||| STAIRDANCE
  2110 | D:3      | 2110 ||| STAIRDANCE
  2202 | D:3      | Reached skill level 5 in Axes
  2206 | D:3      | 2206 ||| Stepping ~*~*~tactically~*~*~ (stealth).
  2294 | D:3      | 2294 ||| DROPPING +0 mace.
  2394 | D:3      | Noticed Grinder
  2395 | D:3      | 2395 ||| Stepping ~*~*~tactically~*~*~ (hiding).
  2399 | D:3      | Paralysed by Grinder for 2 turns
  2406 | D:3      | Paralysed by Grinder for 4 turns
  2410 | D:3      | Killed Grinder
  2411 | D:3      | Reached XP level 6. HP: 24/40 MP: 6/6
  2874 | D:3      | Found a radiant altar of Vehumet.
  2929 | D:3      | Found a blossoming altar of Fedhas.
  3037 | D:3      | 3037 ||| READING scroll labelled NOIDWE ZICKE.
  3080 | D:4      | 3080 ||| FLEEEEING.
  3082 | D:4      | 3082 ||| STAIRDANCE
  3158 | D:4      | 3158 ||| STAIRDANCE
  3264 | D:4      | 3264 ||| Stepping ~*~*~tactically~*~*~ (stealth).
  3270 | D:4      | Reached XP level 7. HP: 44/44 MP: 7/7
  3289 | D:4      | 3289 ||| FLEEEEING.
  3290 | D:4      | 3290 ||| FLEEEEING.
  3291 | D:4      | 3291 ||| FLEEEEING.
  3292 | D:4      | 3292 ||| FLEEEEING.
  3293 | D:4      | 3293 ||| FLEEEEING.
  3294 | D:4      | 3294 ||| FLEEEEING.
  3295 | D:4      | 3295 ||| FLEEEEING.
  3296 | D:4      | 3296 ||| FLEEEEING.
  3297 | D:4      | 3297 ||| FLEEEEING.
  3298 | D:4      | 3298 ||| FLEEEEING.
  3299 | D:4      | 3299 ||| FLEEEEING.
  3300 | D:4      | 3300 ||| FLEEEEING.
  3301 | D:4      | 3301 ||| FLEEEEING.
  3335 | D:4      | 3335 ||| DROPPING +2 flail of holy wrath.
  3442 | D:4      | Reached skill level 6 in Axes
  3636 | D:4      | 3636 ||| UPGRADING to +0 chain mail.
  3646 | D:4      | 3646 ||| DROPPING +0 scale mail.
  3647 | D:4      | 3647 ||| UPGRADING to amulet of reflection.
  3652 | D:4      | 3652 ||| READING scroll labelled WYABRU NOVVE.
  3683 | D:4      | 3683 ||| READING 2 scrolls of identify.
  3683 | D:4      | 3683 ||| IDENTIFYING sedimented red potion
  3688 | D:5      | Entered Level 5 of the Dungeon
  3709 | D:5      | Reached skill level 1 in Dodging
  3941 | D:5      | 3941 ||| Stepping ~*~*~tactically~*~*~ (stealth).
  3947 | D:5      | Reached XP level 8. HP: 50/50 MP: 8/8
  4033 | D:5      | Noticed Ijyb
  4037 | D:5      | Paralysed by Ijyb for 5 turns
  4047 | D:5      | Reached skill level 7 in Axes
  4052 | D:5      | Killed Ijyb
  4088 | D:5      | Reached skill level 1 in Throwing
  4088 | D:5      | 4088 ||| Stepping ~*~*~tactically~*~*~ (hiding).
  4354 | D:5      | Noticed Pikel
  4375 | D:5      | Killed Pikel
  4376 | D:5      | Reached skill level 9 in Axes
  4834 | D:5      | 4834 ||| UPGRADING to ring of willpower.
  4835 | D:5      | 4835 ||| READING scroll labelled BAUSIM OKYEDGHAF.
  5041 | D:6      | Found a staircase to the Ecumenical Temple.
  5042 | D:6      | 5042 ||| PLANNING TEMPLE
  5042 | D:6      | Noticed Blork the orc
  5050 | D:6      | Killed Blork the orc
  5051 | D:6      | Reached skill level 6 in Fighting
  5051 | D:6      | Reached XP level 9. HP: 45/55 MP: 9/9
  5088 | Temple   | Entered the Ecumenical Temple
  5193 | Temple   | 5193 ||| PLANNING OKAWARU WORSHIP
  5226 | Temple   | Became a worshipper of Warmaster Okawaru
  5226 | Temple   | 5226 ||| PLANNING D:1-11
  5384 | D:6      | Identified the -1 pair of boots of Conscience {rElec rC+
                  | rCorr Int+5}
  5549 | D:6      | Noticed Prince Ribbit
  5550 | D:6      | 5550 ||| UPGRADING to -1 pair of boots of Conscience {rElec
                  | rC+ rCorr Int+5}.
  5574 | D:6      | Killed Prince Ribbit
  6275 | D:6      | 6275 ||| DRINKING 3 fuming dark potions.
  6276 | D:6      | 6276 ||| READING 2 scrolls of identify.
  6276 | D:6      | 6276 ||| IDENTIFYING lumpy cyan potion
  6344 | D:7      | Noticed Maggie
  6368 | D:7      | Killed Maggie
  6368 | D:7      | Reached * piety under Okawaru
  6419 | D:7      | Identified the +9 ring mail "Gutayfas" {rF+ rCorr MP+9}
  6422 | D:7      | 6422 ||| Stepping ~*~*~tactically~*~*~ (hiding).
  6426 | D:7      | 6426 ||| INVOKING Heroism.
  6462 | D:7      | 6462 ||| Stepping ~*~*~tactically~*~*~ (stealth).
  6463 | D:7      | 6463 ||| Stepping ~*~*~tactically~*~*~ (stealth).
  6464 | D:7      | 6464 ||| Stepping ~*~*~tactically~*~*~ (stealth).
  6465 | D:7      | 6465 ||| Stepping ~*~*~tactically~*~*~ (stealth).
  6466 | D:7      | 6466 ||| Stepping ~*~*~tactically~*~*~ (stealth).
  6475 | D:7      | Reached skill level 1 in Invocations
  6542 | D:7      | Noticed a hornet
  6543 | D:7      | 6543 ||| Stepping ~*~*~tactically~*~*~ (hiding).
  6544 | D:7      | 6544 ||| Stepping ~*~*~tactically~*~*~ (hiding).
  6551 | D:7      | Killed a hornet
  6569 | D:7      | Reached skill level 3 in Invocations
  6573 | D:7      | Reached XP level 10. HP: 55/63 MP: 12/12
  6573 | D:7      | 6573 ||| Stepping ~*~*~tactically~*~*~ (hiding).
  6575 | D:7      | 6575 ||| Stepping ~*~*~tactically~*~*~ (hiding).
  6576 | D:7      | 6576 ||| FLEEEEING.
  6585 | D:7      | 6585 ||| Stepping ~*~*~tactically~*~*~ (hiding).
  6593 | D:7      | Reached ** piety under Okawaru
  6608 | D:7      | Found Coxi Usm's Magic Scroll Boutique.
  6628 | D:7      | 6628 ||| BUYING scroll of enchant armour (82 gold).
  6628 | D:7      | Bought a scroll of enchant armour for 82 gold pieces
  6628 | D:7      | 6628 ||| BUYING scroll of enchant armour (82 gold).
  6628 | D:7      | Bought a scroll of enchant armour for 82 gold pieces
  6628 | D:7      | 6628 ||| BUYING scroll of identify (22 gold).
  6628 | D:7      | Bought a scroll of identify for 22 gold pieces
  6628 | D:7      | 6628 ||| BUYING scroll of teleportation (33 gold).
  6628 | D:7      | Bought a scroll of teleportation for 33 gold pieces
  6664 | D:7      | 6664 ||| READING scroll of enchant weapon.
  6664 | D:7      | 6664 ||| ENCHANTING +0 broad axe of venom.
  6885 | D:7      | 6885 ||| INVOKING Heroism.
  6931 | D:7      | 6931 ||| UPGRADING to +9 ring mail "Gutayfas" {rF+ rCorr
                  | MP+9}.
  6941 | D:7      | 6941 ||| DROPPING +0 chain mail.
  6942 | D:7      | 6942 ||| UPGRADING to +1 pair of gloves.
  6947 | D:7      | 6947 ||| READING 2 scrolls of enchant armour.
  6947 | D:7      | 6947 ||| ENCHANTING +1 pair of gloves.
  6994 | D:7      | 6994 ||| UPGRADING to +6 ring of dexterity.
  6995 | D:7      | 6995 ||| DROPPING ring of flight.
  6996 | D:7      | 6996 ||| UPGRADING to +5 ring of evasion.
  6998 | D:7      | 6998 ||| UPGRADING to ring of willpower.
  7000 | D:7      | 7000 ||| READING scroll labelled WUOLLA FUOTAMA.
  7001 | D:7      | 7001 ||| READING scroll labelled MUREDD OSSY.
  7002 | D:7      | 7002 ||| DRINKING 2 inky potions.
  7003 | D:7      | 7003 ||| DRINKING potion of curing.
  7003 | D:7      | 7003 ||| (to cure confusion)
  7004 | D:7      | 7004 ||| DRINKING 3 lumpy brown potions.
  7004 | D:7      | Gained mutation: You are dopey. (Int -2) [potion of
                  | mutation]
  7004 | D:7      | Gained mutation: You are partially covered in iridescent
                  | scales. (AC +2) [potion of mutation]
  7004 | D:7      | Gained mutation: You are very dopey. (Int -4) [potion of
                  | mutation]
  7005 | D:7      | 7005 ||| READING 3 scrolls of identify.
  7005 | D:7      | 7005 ||| IDENTIFYING clear potion
  7006 | D:7      | 7006 ||| READING 2 scrolls of identify.
  7006 | D:7      | 7006 ||| IDENTIFYING sapphire potion
  7007 | D:7      | 7007 ||| DROPPING potion of ambrosia.
  7022 | D:8      | 7022 ||| INVOKING Heroism.
  7030 | D:8      | Reached skill level 10 in Axes
  7114 | D:8      | 7114 ||| Stepping ~*~*~tactically~*~*~ (hiding).
  7138 | D:8      | 7138 ||| Stepping ~*~*~tactically~*~*~ (stealth).
  7180 | D:8      | 7180 ||| Stepping ~*~*~tactically~*~*~ (hiding).
  7188 | D:8      | 7188 ||| INVOKING Heroism.
  7201 | D:8      | 7201 ||| Stepping ~*~*~tactically~*~*~ (hiding).
  7367 | D:8      | 7367 ||| Stepping ~*~*~tactically~*~*~ (stealth).
  7368 | D:8      | 7368 ||| Stepping ~*~*~tactically~*~*~ (stealth).
  7541 | D:8      | 7541 ||| DROPPING amulet of guardian spirit.
  7542 | D:8      | 7542 ||| UPGRADING to ring of see invisible.
  7567 | D:9      | 7567 ||| Stepping ~*~*~tactically~*~*~ (stealth).
  7569 | D:9      | 7569 ||| Stepping ~*~*~tactically~*~*~ (stealth).
  7613 | D:9      | Identified the +6 leather armour of Crawling {Drain +Blink
                  | rC- Will+++}
  7644 | D:9      | 7644 ||| Stepping ~*~*~tactically~*~*~ (stealth).
  7646 | D:9      | 7646 ||| INVOKING Heroism.
  7647 | D:9      | 7647 ||| Stepping ~*~*~tactically~*~*~ (stealth).
  7659 | D:9      | 7659 ||| Stepping ~*~*~tactically~*~*~ (stealth).
  7669 | D:9      | 7669 ||| Stepping ~*~*~tactically~*~*~ (stealth).
  7679 | D:9      | 7679 ||| INVOKING Heroism.
  7684 | D:9      | 7684 ||| Stepping ~*~*~tactically~*~*~ (stealth).
  7690 | D:9      | Reached skill level 11 in Axes
  7713 | D:9      | 7713 ||| INVOKING Heroism.
  7716 | D:9      | Found a staircase to the Lair.
  7779 | D:9      | 7779 ||| Stepping ~*~*~tactically~*~*~ (hiding).
  7815 | D:9      | Found a stormy altar of Qazlal.
  7873 | D:9      | Reached *** piety under Okawaru
  7878 | D:9      | Reached skill level 9 in Fighting
  7899 | D:9      | 7899 ||| Stepping ~*~*~tactically~*~*~ (hiding).
  7902 | D:9      | 7902 ||| INVOKING Heroism.
  7911 | D:9      | Reached XP level 11. HP: 71/71 MP: 14/14
  7944 | D:9      | Found a shimmering blue altar of Sif Muna.
  8112 | D:9      | 8112 ||| Stepping ~*~*~tactically~*~*~ (hiding).
  8280 | D:9      | 8280 ||| Stepping ~*~*~tactically~*~*~ (hiding).
  8303 | D:9      | Reached skill level 12 in Axes
  8350 | D:9      | 8350 ||| PLANNING LAIR
  8350 | D:9      | 8350 ||| UPGRADING to +1 helmet.
  8355 | D:9      | 8355 ||| READING 2 scrolls of enchant armour.
  8355 | D:9      | 8355 ||| ENCHANTING +1 helmet.
  8356 | D:9      | 8356 ||| READING 2 scrolls of identify.
  8356 | D:9      | 8356 ||| IDENTIFYING sedimented white potion
  8357 | D:9      | 8357 ||| DROPPING potion of invisibility.
  8394 | Lair:1   | Entered Level 1 of the Lair of Beasts
  8395 | Lair:1   | 8395 ||| INVOKING Heroism.
  8405 | Lair:1   | Reached **** piety under Okawaru
  8406 | Lair:1   | Reached skill level 6 in Shields
  8457 | Lair:1   | 8457 ||| INVOKING Heroism.
  8475 | Lair:1   | Reached skill level 6 in Invocations
  8480 | Lair:1   | Reached skill level 6 in Armour
  8487 | Lair:1   | Reached ***** piety under Okawaru
  8981 | Lair:1   | 8981 ||| READING scroll labelled EDUTRO INAMUAR.
  9021 | Lair:2   | 9021 ||| INVOKING Heroism.
  9024 | Lair:2   | 9024 ||| Stepping ~*~*~tactically~*~*~ (stealth).
  9219 | Lair:2   | 9219 ||| INVOKING Heroism.
  9225 | Lair:2   | 9225 ||| Stepping ~*~*~tactically~*~*~ (stealth).
  9256 | Lair:2   | Reached XP level 12. HP: 77/77 MP: 17/17
  9322 | Lair:2   | 9322 ||| INVOKING Heroism.
  9383 | Lair:2   | 9383 ||| INVOKING Heroism.
  9447 | Lair:2   | Found a staircase to the Swamp.
  9459 | Lair:2   | 9459 ||| Stepping ~*~*~tactically~*~*~ (stealth).
  9461 | Lair:2   | 9461 ||| Stepping ~*~*~tactically~*~*~ (stealth).
 10018 | Lair:3   | Reached skill level 13 in Axes
 10019 | Lair:3   | 10019 ||| INVOKING Heroism.
 10023 | Lair:3   | Reached skill level 9 in Invocations
 10028 | Lair:3   | Received a gift from Okawaru
 10059 | Lair:3   | 10059 ||| Stepping ~*~*~tactically~*~*~ (stealth).
 10059 | Lair:3   | Found a staircase to the Snake Pit.
 10220 | Lair:3   | 10220 ||| INVOKING Heroism.
 10237 | Lair:3   | 10237 ||| Stepping ~*~*~tactically~*~*~ (stealth).
 10265 | Lair:3   | 10265 ||| INVOKING Heroism.
 10272 | Lair:3   | Reached skill level 3 in Throwing
 10449 | Lair:3   | Reached skill level 3 in Dodging
 10455 | Lair:3   | Identified the +2 pair of boots of Xinohauz {+Inv Str-5
                  | Int-2 SInv} (Okawaru gifted it to you on level 3 of the
                  | Lair of Beasts)
 10455 | Lair:3   | Received a gift from Okawaru
 10562 | Lair:3   | 10562 ||| Stepping ~*~*~tactically~*~*~ (stealth).
 10609 | Lair:3   | Found a snail-covered altar of Cheibriados.
 10614 | Lair:3   | 10614 ||| FLEEEEING.
 10615 | Lair:3   | 10615 ||| FLEEEEING.
 10616 | Lair:3   | 10616 ||| FLEEEEING.
 10617 | Lair:3   | 10617 ||| FLEEEEING.
 10618 | Lair:3   | 10618 ||| FLEEEEING.
 10619 | Lair:3   | 10619 ||| FLEEEEING.
 10634 | Lair:3   | 10634 ||| INVOKING Heroism.
 10670 | Lair:3   | 10670 ||| FLEEEEING.
 10671 | Lair:3   | 10671 ||| FLEEEEING.
 10672 | Lair:3   | 10672 ||| FLEEEEING.
 10674 | Lair:3   | 10674 ||| FLEEEEING.
 10675 | Lair:3   | 10675 ||| FLEEEEING.
 10676 | Lair:3   | 10676 ||| FLEEEEING.
 10677 | Lair:3   | 10677 ||| FLEEEEING.
 10678 | Lair:3   | 10678 ||| FLEEEEING.
 10679 | Lair:3   | 10679 ||| FLEEEEING.
 10680 | Lair:3   | 10680 ||| FLEEEEING.
 10681 | Lair:3   | 10681 ||| FLEEEEING.
 10682 | Lair:3   | 10682 ||| FLEEEEING.
 10683 | Lair:3   | 10683 ||| FLEEEEING.
 10684 | Lair:3   | 10684 ||| FLEEEEING.
 10685 | Lair:3   | 10685 ||| FLEEEEING.
 10686 | Lair:3   | 10686 ||| FLEEEEING.
 10687 | Lair:3   | 10687 ||| FLEEEEING.
 10688 | Lair:3   | 10688 ||| FLEEEEING.
 10689 | Lair:3   | 10689 ||| FLEEEEING.
 10690 | Lair:3   | 10690 ||| FLEEEEING.
 10691 | Lair:3   | 10691 ||| FLEEEEING.
 10692 | Lair:3   | 10692 ||| FLEEEEING.
 10694 | Lair:3   | 10694 ||| INVOKING Heroism.
 10721 | Lair:3   | 10721 ||| Stepping ~*~*~tactically~*~*~ (hiding).
 10722 | Lair:3   | 10722 ||| Stepping ~*~*~tactically~*~*~ (hiding).
 10992 | Lair:3   | 10992 ||| INVOKING Heroism.
 11209 | Lair:3   | Noticed a six-headed hydra
 11210 | Lair:3   | 11210 ||| INVOKING Heroism.
 11211 | Lair:3   | 11211 ||| INVOKING Finesse.
 11214 | Lair:3   | 11214 ||| SWAPPING to +0 morningstar.
 11224 | Lair:3   | Killed a six-headed hydra
 11225 | Lair:3   | 11225 ||| SWAPPING to +1 broad axe of venom.
 11315 | Lair:3   | 11315 ||| Stepping ~*~*~tactically~*~*~ (hiding).
 11338 | Lair:3   | 11338 ||| Stepping ~*~*~tactically~*~*~ (stealth).
 11339 | Lair:3   | 11339 ||| Stepping ~*~*~tactically~*~*~ (stealth).
 11439 | Lair:3   | Reached skill level 14 in Axes
 11557 | Lair:3   | 11557 ||| READING 2 scrolls of identify.
 11557 | Lair:3   | 11557 ||| IDENTIFYING amethyst potion
 11593 | Lair:4   | 11593 ||| STAIRDANCE
 11603 | Lair:3   | Reached XP level 13. HP: 72/82 MP: 20/20
 11709 | Lair:4   | 11709 ||| READING scroll of enchant weapon.
 11709 | Lair:4   | 11709 ||| ENCHANTING +1 broad axe of venom.
 11715 | Lair:4   | 11715 ||| INVOKING Heroism.
 11826 | Lair:4   | 11826 ||| INVOKING Heroism.
 11910 | Lair:4   | 11910 ||| INVOKING Heroism.
 11941 | Lair:4   | 11941 ||| INVOKING Heroism.
 11942 | Lair:4   | 11942 ||| Stepping ~*~*~tactically~*~*~ (stealth).
 11943 | Lair:4   | 11943 ||| INVOKING Finesse.
 11944 | Lair:4   | 11944 ||| Stepping ~*~*~tactically~*~*~ (stealth).
 11946 | Lair:4   | 11946 ||| Stepping ~*~*~tactically~*~*~ (stealth).
 11949 | Lair:4   | 11949 ||| Stepping ~*~*~tactically~*~*~ (stealth).
 12191 | Lair:4   | 12191 ||| INVOKING Heroism.
 12192 | Lair:4   | 12192 ||| INVOKING Finesse.
 12196 | Lair:4   | 12196 ||| SWAPPING to +0 morningstar.
 12203 | Lair:4   | 12203 ||| SWAPPING to +2 broad axe of venom.
 12235 | Lair:4   | 12235 ||| READING scroll of brand weapon.
 12235 | Lair:4   | 12235 ||| BRANDING +2 broad axe of venom.
 12430 | Lair:4   | Found a viscous altar of Jiyva.
 12431 | Lair:4   | Found a staircase to the Slime Pits.
 12435 | Lair:4   | 12435 ||| INVOKING Heroism.
 12551 | Lair:4   | Reached skill level 15 in Axes
 12722 | Lair:5   | Entered Level 5 of the Lair of Beasts
 12758 | Lair:5   | 12758 ||| INVOKING Heroism.
 12880 | Lair:5   | Found a burning altar of Makhleb.
 12882 | Lair:5   | 12882 ||| INVOKING Heroism.
 12905 | Lair:5   | 12905 ||| INVOKING Finesse.
 12911 | Lair:5   | 12911 ||| SWAPPING to +0 morningstar.
 12920 | Lair:5   | 12920 ||| SWAPPING to +2 broad axe of freezing.
 12958 | Lair:5   | 12958 ||| INVOKING Heroism.
 12966 | Lair:5   | Reached skill level 12 in Fighting
 12974 | Lair:5   | 12974 ||| Stepping ~*~*~tactically~*~*~ (stealth).
 12981 | Lair:5   | 12981 ||| Stepping ~*~*~tactically~*~*~ (stealth).
 12983 | Lair:5   | 12983 ||| Stepping ~*~*~tactically~*~*~ (stealth).
 12985 | Lair:5   | 12985 ||| Stepping ~*~*~tactically~*~*~ (stealth).
 12987 | Lair:5   | 12987 ||| Stepping ~*~*~tactically~*~*~ (stealth).
 13002 | Lair:5   | 13002 ||| INVOKING Finesse.
 13011 | Lair:5   | Gained mutation: Your large and strong wings let you fly.
                  | [Gargoyle growth]
 13011 | Lair:5   | Reached XP level 14. HP: 81/92 MP: 21/21
 13033 | Lair:5   | 13033 ||| INVOKING Heroism.
 13073 | Lair:5   | 13073 ||| Stepping ~*~*~tactically~*~*~ (stealth).
 13124 | Lair:5   | 13124 ||| INVOKING Heroism.
 13125 | Lair:5   | 13125 ||| INVOKING Finesse.
 13128 | Lair:5   | 13128 ||| SWAPPING to +0 morningstar.
 13135 | Lair:5   | Reached skill level 16 in Axes
 13135 | Lair:5   | 13135 ||| SWAPPING to +2 broad axe of freezing.
 13207 | Lair:5   | 13207 ||| FLEEEEING.
 13208 | Lair:5   | 13208 ||| FLEEEEING.
 13209 | Lair:5   | 13209 ||| FLEEEEING.
 13210 | Lair:5   | 13210 ||| FLEEEEING.
 13211 | Lair:5   | 13211 ||| FLEEEEING.
 13212 | Lair:5   | 13212 ||| FLEEEEING.
 13213 | Lair:5   | 13213 ||| FLEEEEING.
 13214 | Lair:5   | 13214 ||| FLEEEEING.
 13215 | Lair:5   | 13215 ||| FLEEEEING.
 13216 | Lair:5   | 13216 ||| INVOKING Heroism.
 13237 | Lair:5   | 13237 ||| Stepping ~*~*~tactically~*~*~ (stealth).
 13239 | Lair:5   | 13239 ||| Stepping ~*~*~tactically~*~*~ (stealth).
 13241 | Lair:5   | 13241 ||| Stepping ~*~*~tactically~*~*~ (stealth).
 13242 | Lair:5   | 13242 ||| Stepping ~*~*~tactically~*~*~ (stealth).
 13418 | Lair:5   | 13418 ||| INVOKING Heroism.
 13665 | Lair:5   | Noticed a dire elephant
 13665 | Lair:5   | Noticed a dire elephant
 13667 | Lair:5   | Noticed a dire elephant
 13668 | Lair:5   | 13668 ||| INVOKING Heroism.
 13668 | Lair:5   | Noticed a dire elephant
 13677 | Lair:5   | Noticed a dire elephant
 13679 | Lair:5   | Killed a dire elephant
 13690 | Lair:5   | Killed a dire elephant
 13747 | Lair:5   | Noticed a dire elephant
 13748 | Lair:5   | 13748 ||| FLEEEEING.
 13779 | Lair:5   | Received a gift from Okawaru
 14062 | Lair:5   | 14062 ||| INVOKING Heroism.
 14063 | Lair:5   | 14063 ||| INVOKING Finesse.
 14231 | Lair:5   | 14231 ||| INVOKING Heroism.
 14246 | Lair:5   | Killed a dire elephant
 14260 | Lair:5   | Killed a dire elephant
 14270 | Lair:5   | Killed a dire elephant
 14497 | Lair:5   | 14497 ||| INVOKING Heroism.
 14498 | Lair:5   | 14498 ||| INVOKING Finesse.
 14548 | Lair:5   | 14548 ||| Stepping ~*~*~tactically~*~*~ (stealth).
 14634 | Lair:5   | Received a gift from Okawaru
 14635 | Lair:5   | Reached skill level 17 in Axes
 14705 | Lair:5   | 14705 ||| INVOKING Heroism.
 14718 | Lair:5   | Killed a dire elephant
 14845 | Lair:5   | 14845 ||| PLANNING D:1-11
 14845 | Lair:5   | 14845 ||| DROPPING +0 plate armour.
 14846 | Lair:5   | 14846 ||| UPGRADING to +0 shadow dragon scales.
 14856 | Lair:5   | 14856 ||| READING scroll of enchant armour.
 14856 | Lair:5   | 14856 ||| ENCHANTING +0 shadow dragon scales.
 15015 | D:10     | Entered Level 10 of the Dungeon
 15018 | D:10     | 15018 ||| Stepping ~*~*~tactically~*~*~ (stealth).
 15020 | D:10     | 15020 ||| Stepping ~*~*~tactically~*~*~ (stealth).
 15034 | D:10     | Found a flagged portal.
 15035 | D:10     | 15035 ||| Stepping ~*~*~tactically~*~*~ (stealth).
 15037 | D:10     | 15037 ||| Stepping ~*~*~tactically~*~*~ (stealth).
 15039 | D:10     | 15039 ||| Stepping ~*~*~tactically~*~*~ (stealth).
 15041 | D:10     | 15041 ||| Stepping ~*~*~tactically~*~*~ (stealth).
 15043 | D:10     | 15043 ||| Stepping ~*~*~tactically~*~*~ (stealth).
 15128 | D:10     | 15128 ||| Stepping ~*~*~tactically~*~*~ (stealth).
 15130 | D:10     | 15130 ||| Stepping ~*~*~tactically~*~*~ (stealth).
 15132 | D:10     | 15132 ||| Stepping ~*~*~tactically~*~*~ (stealth).
 15134 | D:10     | 15134 ||| Stepping ~*~*~tactically~*~*~ (stealth).
 15136 | D:10     | 15136 ||| Stepping ~*~*~tactically~*~*~ (stealth).
 15138 | D:10     | 15138 ||| Stepping ~*~*~tactically~*~*~ (stealth).
 15140 | D:10     | 15140 ||| Stepping ~*~*~tactically~*~*~ (stealth).
 15142 | D:10     | 15142 ||| Stepping ~*~*~tactically~*~*~ (stealth).
 15144 | D:10     | 15144 ||| Stepping ~*~*~tactically~*~*~ (stealth).
 15151 | D:10     | You are sucked into a shaft and drop 1 floor!
 15165 | D:11     | 15165 ||| Stepping ~*~*~tactically~*~*~ (stealth).
 15167 | D:11     | 15167 ||| Stepping ~*~*~tactically~*~*~ (stealth).
 15169 | D:11     | 15169 ||| Stepping ~*~*~tactically~*~*~ (stealth).
 15171 | D:11     | 15171 ||| Stepping ~*~*~tactically~*~*~ (stealth).
 15173 | D:11     | 15173 ||| Stepping ~*~*~tactically~*~*~ (stealth).
 15188 | D:11     | 15188 ||| Stepping ~*~*~tactically~*~*~ (stealth).
 15443 | D:10     | 15443 ||| Stepping ~*~*~tactically~*~*~ (stealth).
 15445 | D:10     | 15445 ||| Stepping ~*~*~tactically~*~*~ (stealth).
 15447 | D:10     | 15447 ||| Stepping ~*~*~tactically~*~*~ (stealth).
 15449 | D:10     | 15449 ||| Stepping ~*~*~tactically~*~*~ (stealth).
 15451 | D:10     | 15451 ||| Stepping ~*~*~tactically~*~*~ (stealth).
 15453 | D:10     | 15453 ||| Stepping ~*~*~tactically~*~*~ (stealth).
 15455 | D:10     | 15455 ||| Stepping ~*~*~tactically~*~*~ (stealth).
 15457 | D:10     | 15457 ||| Stepping ~*~*~tactically~*~*~ (stealth).
 15459 | D:10     | 15459 ||| Stepping ~*~*~tactically~*~*~ (stealth).
 15461 | D:10     | 15461 ||| Stepping ~*~*~tactically~*~*~ (stealth).
 15463 | D:10     | 15463 ||| Stepping ~*~*~tactically~*~*~ (stealth).
 15465 | D:10     | 15465 ||| Stepping ~*~*~tactically~*~*~ (stealth).
 15467 | D:10     | 15467 ||| Stepping ~*~*~tactically~*~*~ (stealth).
 15469 | D:10     | 15469 ||| Stepping ~*~*~tactically~*~*~ (stealth).
 15471 | D:10     | 15471 ||| Stepping ~*~*~tactically~*~*~ (stealth).
 15473 | D:10     | 15473 ||| Stepping ~*~*~tactically~*~*~ (stealth).
 15475 | D:10     | 15475 ||| Stepping ~*~*~tactically~*~*~ (stealth).
 15491 | D:10     | 15491 ||| Stepping ~*~*~tactically~*~*~ (stealth).
 15493 | D:10     | 15493 ||| Stepping ~*~*~tactically~*~*~ (stealth).
 15494 | D:10     | 15494 ||| Stepping ~*~*~tactically~*~*~ (stealth).
 15498 | D:10     | 15498 ||| Stepping ~*~*~tactically~*~*~ (stealth).
 15556 | D:10     | Found an ancient bone altar of Kikubaaqudgha.
 15565 | D:10     | 15565 ||| Stepping ~*~*~tactically~*~*~ (hiding).
 15629 | D:10     | Identified the +2 ring mail of Koocac {rCorr Str-4 Int+4}
 15670 | D:10     | Reached skill level 9 in Armour
 15815 | D:10     | 15815 ||| DROPPING +0 war axe of freezing.
 15868 | D:10     | 15868 ||| Stepping ~*~*~tactically~*~*~ (stealth).
 15870 | D:10     | 15870 ||| Stepping ~*~*~tactically~*~*~ (stealth).
 15872 | D:10     | 15872 ||| Stepping ~*~*~tactically~*~*~ (stealth).
 15874 | D:10     | 15874 ||| Stepping ~*~*~tactically~*~*~ (stealth).
 15937 | D:10     | 15937 ||| READING 2 scrolls labelled YQI BOUPANO.
 15938 | D:10     | 15938 ||| READING 3 scrolls of identify.
 15938 | D:10     | 15938 ||| IDENTIFYING bubbling black potion
 15939 | D:10     | 15939 ||| READING 2 scrolls of identify.
 15939 | D:10     | 15939 ||| IDENTIFYING smoky pink potion
 15940 | D:10     | 15940 ||| DROPPING potion of brilliance.
 15941 | D:10     | 15941 ||| DROPPING scroll of poison.
 16065 | D:11     | 16065 ||| Stepping ~*~*~tactically~*~*~ (stealth).
 16072 | D:11     | Reached XP level 15. HP: 97/97 MP: 22/22
 16213 | D:11     | 16213 ||| Stepping ~*~*~tactically~*~*~ (stealth).
 16219 | D:11     | 16219 ||| Stepping ~*~*~tactically~*~*~ (hiding).
 16325 | D:11     | Found a transporter.
 16333 | D:11     | Noticed Motwaexy's ghost (journeyman OgHW)
 16337 | D:11     | Found a bloodstained altar of Trog.
 16341 | D:11     | 16341 ||| Stepping ~*~*~tactically~*~*~ (stealth).
 16360 | D:11     | Found a transporter.
 16402 | D:11     | 16402 ||| Stepping ~*~*~tactically~*~*~ (hiding).
 16404 | D:11     | 16404 ||| Stepping ~*~*~tactically~*~*~ (hiding).
 16726 | D:11     | 16726 ||| READING scroll of enchant armour.
 16726 | D:11     | 16726 ||| ENCHANTING +1 shadow dragon scales.
 16727 | D:11     | Identified the +5 dagger of Yzedun {freeze, Dex+6}
 16731 | D:11     | Identified the +6 long sword "Beastbane" {venom, Str+2}
 16743 | D:11     | 16743 ||| PLANNING D
 16807 | D:12     | Identified the +2 robe "Xauroi" {+Blink rC+ Dex+4}
 16846 | D:12     | 16846 ||| Stepping ~*~*~tactically~*~*~ (stealth).
 16848 | D:12     | 16848 ||| Stepping ~*~*~tactically~*~*~ (stealth).
 16850 | D:12     | 16850 ||| Stepping ~*~*~tactically~*~*~ (stealth).
 16871 | D:12     | 16871 ||| Stepping ~*~*~tactically~*~*~ (stealth).
 16887 | D:12     | 16887 ||| DRINKING 8 potions of curing.
 16887 | D:12     | 16887 ||| (to cure confusion)
 17010 | D:12     | 17010 ||| Stepping ~*~*~tactically~*~*~ (stealth).
 17078 | D:12     | Found a staircase to the Orcish Mines.
 17151 | D:12     | 17151 ||| Stepping ~*~*~tactically~*~*~ (stealth).
 17153 | D:12     | 17153 ||| Stepping ~*~*~tactically~*~*~ (stealth).
 17162 | D:12     | 17162 ||| Stepping ~*~*~tactically~*~*~ (hiding).
 17502 | D:12     | 17502 ||| DROPPING ring of positive energy.
 17641 | D:12     | 17641 ||| Stepping ~*~*~tactically~*~*~ (stealth).
 17644 | D:12     | 17644 ||| INVOKING Heroism.
 17645 | D:12     | 17645 ||| SWAPPING to +0 morningstar.
 17646 | D:12     | 17646 ||| INVOKING Finesse.
 17667 | D:12     | 17667 ||| SWAPPING to +2 broad axe of freezing.
 17766 | D:12     | 17766 ||| INVOKING Heroism.
 17767 | D:12     | 17767 ||| SWAPPING to +0 morningstar.
 17768 | D:12     | 17768 ||| INVOKING Finesse.
 17778 | D:12     | 17778 ||| SWAPPING to +2 broad axe of freezing.
 17856 | D:13     | 17856 ||| Stepping ~*~*~tactically~*~*~ (stealth).
 17858 | D:13     | 17858 ||| Stepping ~*~*~tactically~*~*~ (hiding).
 17859 | D:13     | 17859 ||| Stepping ~*~*~tactically~*~*~ (hiding).
 18103 | D:13     | Noticed Nessos
 18104 | D:13     | 18104 ||| Stepping ~*~*~tactically~*~*~ (hiding).
 18109 | D:13     | 18109 ||| Stepping ~*~*~tactically~*~*~ (hiding).
 18110 | D:13     | 18110 ||| Stepping ~*~*~tactically~*~*~ (hiding).
 18111 | D:13     | 18111 ||| Stepping ~*~*~tactically~*~*~ (hiding).
 18112 | D:13     | 18112 ||| Stepping ~*~*~tactically~*~*~ (hiding).
 18113 | D:13     | 18113 ||| Stepping ~*~*~tactically~*~*~ (hiding).
 18117 | D:13     | 18117 ||| Stepping ~*~*~tactically~*~*~ (hiding).
 18118 | D:13     | 18118 ||| INVOKING Heroism.
 18124 | D:13     | Killed Nessos
 18125 | D:13     | Reached skill level 12 in Armour
 18331 | D:13     | 18331 ||| Stepping ~*~*~tactically~*~*~ (stealth).
 18333 | D:13     | 18333 ||| Stepping ~*~*~tactically~*~*~ (hiding).
 18334 | D:13     | 18334 ||| Stepping ~*~*~tactically~*~*~ (hiding).
 18548 | D:13     | 18548 ||| INVOKING Heroism.
 18589 | D:13     | Found a gate to the Vaults.
 18592 | D:13     | 18592 ||| Stepping ~*~*~tactically~*~*~ (stealth).
 18628 | D:13     | 18628 ||| DROPPING +0 morningstar.
 18648 | D:13     | 18648 ||| Stepping ~*~*~tactically~*~*~ (stealth).
 18665 | D:13     | 18665 ||| FLEEEEING.
 18837 | D:13     | 18837 ||| Stepping ~*~*~tactically~*~*~ (stealth).
 18839 | D:13     | 18839 ||| Stepping ~*~*~tactically~*~*~ (hiding).
 19063 | D:13     | 19063 ||| DROPPING +0 pair of boots.
 19124 | D:14     | Noticed Jorgrun
 19125 | D:14     | 19125 ||| Stepping ~*~*~tactically~*~*~ (hiding).
 19128 | D:14     | 19128 ||| INVOKING Heroism.
 19138 | D:14     | Killed from afar by Jorgrun

Levels and vault maps discovered:
D:1:      sevenhm_arrival_forest_fort_small_4, layout_loops_ring,
          hellmonk_ecumenical_altar_watching_god, minmay_rat_gold_closets
D:2:      layout_basic, basic_altar, grunt_ministairs_10,
          grunt_decor_resistance, minmay_misc_feat_four_crosses,
          minmay_joined_circles
D:3:      layout_loops_ring, mainiacjoe_overflow_catch_the_wave, serial_forest,
          infiniplex_forest_lined_3_way, infiniplex_forest_side_room,
          infiniplex_forest_clump_long, infiniplex_forest_join,
          infiniplex_forest_clump_long, infiniplex_forest_straight_2,
          infiniplex_forest_lined_1, uniq_jessica, uniq_grinder
D:4:      layout_rooms
D:5:      layout_cave_pods, serial_column_ruins, column_ruins_square_medium,
          column_ruins_corridor_plus, column_ruins_open_small_water,
          column_ruins_corridor_corner, column_ruins_grid_3,
          column_ruins_open_small, nicolae_figureground_pulse, uniq_pikel,
          uniq_ijyb
D:6:      dreamdust_elfheim, layout_loops_corners, minmay_temple_entry_wispy,
          minmay_puff, uniq_prince_ribbit1, uniq_blork_the_orc
D:7:      layout_rooms, serial_shops, shop, st_stairs_7, uniq_maggie
D:8:      layout_rooms, kennysheep_generic_room_9
D:9:      layout_irregular_city, grunt_qazlal_clouds,
          nicolae_sif_muna_little_library, erik_lair_island
D:10:     layout_gridville, tgw_kikubaaqudgha, enter_bailey_5
D:11:     layout_roguey, portal_ice_cave_entry_pillars_1,
          gammafunk_ghost_wrathful_warriors, hangedman_weighted_door
D:12:     hangedman_arrow_trap, layout_small_grid, david_orc_4
D:13:     layout_stronghold, skrybe_vaults_entry_preservation, uniq_nessos
D:14:     layout_basic, glass_columns_a, uniq_jorgrun
Temple:   minmay_crystal_spiral_temple
Lair:1:   hellmonk_destroyed_diamonds, layout_cave_shapes
Lair:2:   layout_cave_pods, skrybe_swamp_entry_bodies, grunt_megastairs_1
Lair:3:   layout_gridlike, minmay_snake_entry_six_corridors,
          kennysheep_snail_temple, serial_bayou_shore_a, grunt_megastairs_2
Lair:4:   layout_gridlike, slime_entry_1, cheibrodos_lair_reptile_den,
          lemuel_fruit_tree
Lair:5:   due_jungle_book, layout_regular_city, lemuel_oklob_altar

Skill      XL: |  1  2  3  4  5  6  7  8  9 10 11 12 13 14 15 |
---------------+----------------------------------------------+-----
Axes           | 2 3 4 5 6 9 11 12 14 15 17 | 17.0
Fighting       | 5 6 7 9 10 12 | 12.6
Dodging        | 1 2 3 |  3.0
Throwing       | 1 3 4 |  4.0
Armour         | 5 6 7 9 13 | 13.0
Shields        | 4 5 6 7 8 |  8.0
Invocations    | 3 4 7 10 | 10.0

Action                     |  1- 3 |  4- 6 |  7- 9 | 10-12 | 13-15 || total
---------------------------+-------+-------+-------+-------+-------++-------
  Melee: War axe           |   147 |    47 |       |       |       ||   194
         Broad axe         |       |    80 |   265 |   519 |   888 ||  1752
         Morningstar       |       |       |       |    10 |    49 ||    59
  Throw: Boomerang         |       |       |       |    10 |     2 ||    12
 Invoke: Heroism           |       |       |     1 |    20 |    23 ||    44
         Finesse           |       |       |       |     1 |     9 ||    10
    Use: Scroll            |     4 |    10 |     4 |    10 |     7 ||    35
         Potion            |       |     1 |     1 |     3 |     1 ||     6
   Stab: Petrifying        |       |       |       |       |     1 ||     1
         Sleeping          |       |       |       |       |     1 ||     1
 Armour: Scale mail        |    80 |    88 |     9 |       |       ||   177
         Chain mail        |       |       |   107 |     7 |       ||   114
         Ring mail         |       |       |       |   189 |   228 ||   417
         Shadow dragon sca |       |       |       |       |   164 ||   164
  Dodge: Dodged            |    76 |    75 |    85 |   330 |   432 ||   998
  Block: Buckler           |    31 |    29 |   124 |   263 |   409 ||   856
         Reflection        |       |       |     1 |     4 |    13 ||    18

Table legend:
 A = Non-vault XP
 B = Vault XP
 C = Vault XP percentage of total XP
 D = Non-vault monster count
 E = Vault monster count
 F = Vault count percentage of total count
                 A         B        C        D         E       F
            +---------+---------+-------+---------+---------+-------
      Total |   71152 |   39837 |  35.9 |     404 |     140 |  25.7
            +---------+---------+-------+---------+---------+-------
        D:1 |      53 |       8 |  13.1 |      28 |       8 |  22.2
        D:2 |      55 |      26 |  32.1 |      21 |      12 |  36.4
        D:3 |      96 |     304 |  76.0 |      15 |       2 |  11.8
        D:4 |     318 |       0 |   0.0 |      19 |       0 |   0.0
        D:5 |     782 |     656 |  45.6 |      16 |       2 |  11.1
        D:6 |     479 |     362 |  43.0 |      22 |       5 |  18.5
        D:7 |    1326 |     469 |  26.1 |      21 |       2 |   8.7
        D:8 |    1544 |     106 |   6.4 |      28 |       1 |   3.4
        D:9 |    3115 |     828 |  21.0 |      36 |       8 |  18.2
       D:10 |    3216 |       8 |   0.2 |      17 |       4 |  19.0
       D:11 |    3488 |    1645 |  32.0 |      15 |       5 |  25.0
       D:12 |    3662 |    6269 |  63.1 |      12 |      29 |  70.7
       D:13 |    3985 |    6754 |  62.9 |       9 |      10 |  52.6
       D:14 |     191 |       0 |   0.0 |       1 |       0 |   0.0
     Lair:1 |    6064 |       0 |   0.0 |      23 |       0 |   0.0
     Lair:2 |    4249 |     978 |  18.7 |      17 |       3 |  15.0
     Lair:3 |    5589 |    4941 |  46.9 |      22 |      17 |  43.6
     Lair:4 |   14377 |     427 |   2.9 |      37 |       1 |   2.6
     Lair:5 |   18563 |   16056 |  46.4 |      45 |      31 |  40.8
            +---------+---------+-------+---------+---------+-------
